 Dungeon Sprint DCSS version 0.20-b1 (webtiles) character file.

370 potatolord6000 the Skirmisher (level 6, -3/55 HPs)
             Began as a Demonspawn Gladiator on May 19, 2017.
             Was an Initiate of Gozag.
             Slain by an unseen horror (4 damage)
             ... in the Dungeon (Sprint IX: "|||||||||||||||||||||||||||||").
             The game lasted 00:01:11 (421 turns).

potatolord6000 the Skirmisher (Demonspawn Gladiator) Turns: 421, Time: 00:01:12

Health: -3/55      AC: 12    Str: 23    XL:     6   Next: 42%
Magic:  6/6        EV: 12    Int:  9    God:    Gozag
Gold:   0          SH:  0    Dex: 14    Spells: 5/5 levels left

rFire    . . .     SeeInvis .   n - +1 broad axe (freeze)
rCold    . . .     Gourm    .   (no shield)
rNeg     . . .     Faith    .   o - +1 chain mail
rPois    .         Spirit   .   (helmet restricted)
rElec    .         Reflect  .   (no cloak)
rCorr    .         Harm     .   a - +0 pair of gloves
MR       .....     NoTele   +   (no boots)
Stlth    ..........             (no amulet)
Regen    0.2/turn               b - +3 ring of strength
MPRegen  0.1/turn               p - +3 ring of strength

@: no status effects
A: antennae 1, nightstalker 1
a: Potion Petition, Call Merchant, Bribe Branch, Renounce Religion


You were in the Dungeon.
You worshipped Gozag.
Gozag was noncommittal.
You were not hungry.

You visited 1 branch

Inventory:

Hand Weapons
 n - a +1 broad axe of freezing (weapon)
Armour
 a - a +0 pair of gloves (worn)
 c - a +0 helmet
 o - a +1 chain mail (worn)
Jewellery
 b - a +3 ring of strength (left hand)
 p - a +3 ring of strength (right hand)
Scrolls
 k - 2 scrolls of blinking
 l - 3 scrolls of remove curse
 m - 2 scrolls of amnesia
Potions
 d - a potion of invisibility
 e - 5 potions of curing
 g - 2 potions of heal wounds
 h - a potion of haste
 i - 4 potions of magic
 j - a potion of berserk rage
Comestibles
 f - a bread ration


   Skills:
 + Level 7.2 Fighting
 + Level 6.9 Axes
 - Level 1.7 Throwing
 + Level 6.1 Armour
 + Level 6.8 Dodging


You had 5 spell levels left.
You didn't know any spells.

Dungeon Overview and Level Annotations

Branches:
Dungeon (1/1)

Altars:
Cheibriados
Dithmenos
Elyvilon
Fedhas
Gozag
Hepliaklqana
Kikubaaqudgha
Makhleb
Nemelex Xobeh
Okawaru
Qazlal
Ru
Sif Muna
Trog
Uskayaw
Vehumet
Xom
Yredelemnul
Zin
The Shining One
Beogh
Jiyva
Lugonu


Innate Abilities, Weirdness & Mutations

You have a pair of small antennae on your head.
You are slightly more attuned to the shadows.


Message History

Things that are here:
90 gold pieces; an uncursed shortbow; 7 arrows Deactivating autopickup; reactivate with Ctrl-A.
You slash something! You freeze something. Something barely misses you.
Something hits you. Something hits you but does no damage.
Something hits you but does no damage.
Something hits you but does no damage. x2
You slash something! You freeze something.
Something hits you but does no damage. Something hits you.
* * * LOW HITPOINT WARNING * * *
You hit something. You freeze something. Something hits you.
* * * LOW HITPOINT WARNING * * *
Something hits you.
* * * LOW HITPOINT WARNING * * *
Something hits you!
* * * LOW HITPOINT WARNING * * *
You miss something. Something hits you but does no damage. Something hits you.
You die...
Your body crumbles into a pile of gold.

▓+▓
$
▓{▓
$
▓@▓
$
▓.▓
$
▓.▓
$
▓$▓
$
▓$▓
$
▓$▓
▓.▓
$
▓.▓
▓[▓


There were no monsters in sight!

Vanquished Creatures
  2 centaurs (D)
  A big kobold (D)
  A bullfrog (D)
  A howler monkey (D)
  An orc wizard (D)
  A shadow imp (D)
  A bat zombie (D)
  A giant cockroach (D)
  A kobold (D)
  A ball python (D)
  A bat (D)
  2 frilled lizards (D)
  A rat (D)
15 creatures vanquished.

Notes
Turn   | Place    | Note
-------+----------+-------------------------------------------
     0 | D        | potatolord6000 the Demonspawn Gladiator began the quest for the Orb.
     0 | D        | Reached XP level 1. HP: 16/16 MP: 1/1
    13 | D        | Reached skill level 1 in Armour
   176 | D        | Noticed an orc wizard
   192 | D        | Killed an orc wizard
   192 | D        | Reached skill level 3 in Fighting
   192 | D        | Gained mutation: You are slightly more attuned to the shadows. [demonic ancestry]
   192 | D        | Reached XP level 2. HP: 22/24 MP: 2/2
   192 | D        | Reached XP level 3. HP: 27/29 MP: 3/3
   212 | D        | Found a roughly hewn altar of Beogh.
   212 | D        | Found a snail-covered altar of Cheibriados.
   212 | D        | Found a shadowy altar of Dithmenos.
   212 | D        | Found a white marble altar of Elyvilon.
   212 | D        | Found a blossoming altar of Fedhas.
   213 | D        | Found an opulent altar of Gozag.
   214 | D        | Found a hazy altar of Hepliaklqana.
   215 | D        | Found a viscous altar of Jiyva.
   216 | D        | Found an ancient bone altar of Kikubaaqudgha.
   217 | D        | Found a corrupted altar of Lugonu.
   218 | D        | Found a burning altar of Makhleb.
   219 | D        | Found a sparkling altar of Nemelex Xobeh.
   220 | D        | Became a worshipper of Gozag Ym Sagoz the Greedy
   221 | D        | Found an iron altar of Okawaru.
   222 | D        | Found a stormy altar of Qazlal.
   223 | D        | Found a sacrificial altar of Ru.
   224 | D        | Found a deep blue altar of Sif Muna.
   225 | D        | Found a bloodstained altar of Trog.
   226 | D        | Found a hide-covered altar of Uskayaw.
   227 | D        | Found a radiant altar of Vehumet.
   229 | D        | Found a shimmering altar of Xom.
   230 | D        | Found a basalt altar of Yredelemnul.
   231 | D        | Found a glowing silver altar of Zin.
   232 | D        | Found a glowing golden altar of the Shining One.
   386 | D        | Noticed a centaur
   386 | D        | Noticed a bullfrog
   386 | D        | Noticed a centaur
   386 | D        | Noticed a big kobold
   392 | D        | Reached skill level 4 in Fighting
   392 | D        | Reached XP level 4. HP: 30/38 MP: 4/4
   400 | D        | Killed a big kobold
   400 | D        | Reached skill level 5 in Fighting
   400 | D        | Reached skill level 5 in Axes
   400 | D        | Reached skill level 5 in Dodging
   400 | D        | Reached XP level 5. HP: 21/44 MP: 5/5
   402 | D        | Killed a centaur
   402 | D        | Reached skill level 6 in Fighting
   402 | D        | Reached skill level 5 in Armour
   406 | D        | Gained mutation: You have a pair of small antennae on your head. [demonic ancestry]
   406 | D        | Reached XP level 6. HP: 24/53 MP: 6/6
   411 | D        | Reached skill level 7 in Fighting
   420 | D        | HP: 1/55 [something (8)]
   421 | D        | Slain by an unseen horror

Skill      XL: |  1  2  3  4  5  6 |
---------------+-------------------+-----
Axes           | 3 4 5 6 |  6.9
Armour         | 2 3 4 5 6 |  6.1
Dodging        | 3 4 5 6 |  6.8
Fighting       | 3 4 5 6 7 |  7.2
Throwing       | |  1.7

Action                   |  1- 3 |  4- 6 || total
-------------------------+-------+-------++-------
Melee: War axe           |    44 |       ||    44
       Broad axe         |     6 |    21 ||    27
  Use: Potion            |     1 |       ||     1
Armor: Leather armour    |    11 |       ||    11
       Chain mail        |     1 |    13 ||    14
Dodge: Dodged            |    36 |    10 ||    46
